 Dungeon Crawl Stone Soup version 0.23-a0-80-gc95c2c7 (webtiles) character file.

124 Wesco the Stinger (level 5, -18/34 HPs)
             Began as an Octopode Venom Mage on Aug 12, 2018.
             Was an Initiate of Fedhas.
             Demolished by an ogre
             ... wielding a +0 giant spiked club
              (20 damage)
             ... on level 4 of the Dungeon.
             The game lasted 00:32:17 (3111 turns).

Wesco the Stinger (Octopode Venom Mage)             Turns: 3111, Time: 00:32:18

Health: -18/34     AC:  1    Str:  7      XL:     5   Next: 8%
Magic:  6/9        EV: 13    Int: 17 (18) God:    Fedhas [......]
Gold:   130        SH:  0    Dex: 12 (13) Spells: 3/9 levels left

rFire    . . .     SeeInvis .   d - +2 spear (venom)
rCold    . . .     Gourm    .   (no shield)
rNeg     . . .     Faith    .   (helmet restricted)
rPois    .         Spirit   .   (no amulet)
rElec    .         Reflect  .   m - ring of resist corrosion
rCorr    +         Harm     .   (no ring)
MR       .....                  (no ring)
Stlth    +++.......             (no ring)
HPRegen  0.11/turn              (no ring)
MPRegen  0.11/turn              (no ring)
                                (no ring)
                                (no ring)

@: about to teleport
A: almost no armour, stealthy swim, amphibious, 8 rings, constrict 8, camouflage
1, gelatinous body 1
a: Fungal Bloom, Renounce Religion


You were on level 4 of the Dungeon.
You worshipped Fedhas.
Fedhas was noncommittal.
You were not hungry.

You visited 1 branch of the dungeon, and saw 4 of its levels.

You collected 130 gold pieces.

Inventory:

Hand Weapons
 c - a +1 dagger of venom
 d - a +2 spear of venom (weapon)
 o - a +0 hunting sling
Missiles
 a - 109 stones
 f - 15 poisoned needles
 g - 7 javelins (quivered)
Jewellery
 m - a ring of resist corrosion (left tentacle)
Wands
 h - a wand of iceblast (6)
Scrolls
 e - a scroll of teleportation
 i - 3 scrolls of remove curse
 j - a scroll of immolation {unknown}
 k - 6 scrolls of identify
Comestibles
 b - 4 rations
 n - 2 chunks of flesh


   Skills:
 * Level 1.8 Fighting
 * Level 1.3 Polearms
 + Level 2.1 Dodging
 + Level 3.0 Stealth
 * Level 2.8 Spellcasting
 + Level 1.0 Conjurations
 + Level 0.7 Air Magic
 * Level 4.7 Poison Magic


You had 3 spell levels left.
You knew the following spells:

 Your Spells              Type           Power        Failure   Level  Hunger
a - Sting                 Conj/Pois      ##..         5%          1    #......
b - Poisonous Vapours     Pois/Air       ##....       9%          2    ##.....
c - Mephitic Cloud        Conj/Pois/Air  #.......     22%         3    ###....

Your spell library contained the following spells:

 Spells                   Type           Power        Failure   Level  Hunger
 Venom Bolt               Conj/Pois      ##........   83%         5    ######.
 Olgreb's Toxic Radiance  Pois           ###.....     26%         4    #####..


Dungeon Overview and Level Annotations

Branches:
Dungeon (4/15)
 Temple: D:4-7

Altars:
Fedhas


Innate Abilities, Weirdness & Mutations

You cannot wear most types of armour.
You are very stealthy in the water. (Stealth+)
You are amphibious.
You can wear up to eight rings at the same time.
You can use your tentacles to constrict eight enemies at once.
Your skin changes colour to match your surroundings (Stealth+).
Your rubbery body absorbs attacks. (AC +1, EV +1)


Message History

Confirm with . or Enter, or press ? or * to list all spells.
Aiming: Sting (safe; 5% risk of failure)
Press: ? - help, Shift-Dir - straight line, f/p - ogre
Aim: an ogre, wielding a giant spiked club (lightly wounded)
The sting misses the ogre.
The ogre closely misses you.
You aren't carrying any potions.
As you read the scroll of fog, it crumbles to dust.
The scroll dissolves into smoke.
Okay, then.
As you read the scroll of teleportation, it crumbles to dust.
You feel strangely unstable.
The ogre hits you with a giant spiked club!
* * * LOW HITPOINT WARNING * * *
An ogre is nearby!
You hit the ogre.
The ogre is poisoned.
Your squeeze misses the ogre.
The ogre is moderately wounded.
The ogre hits you with a giant spiked club!!
Ouch! That really hurt!
You die...
Fedhas appreciates your contribution to the ecosystem.

##### #...# #§§§# #####
h#######§§§########...######
.......§§§O@................
.######.§§§########...######
#.#### ##### #.# ... #...
#..! #....


You could see an ogre.

Vanquished Creatures
  A hound (D:3)
  An ooze (D:1)
  5 worms
  3 dart slugs
  2 leopard geckos (D:2)
  5 orcs (D:3)
  6 bats
  5 giant cockroaches
  9 goblins
  3 hobgoblins
  2 jackals (D:2)
  6 frilled lizards
  6 kobolds
  6 rats
60 creatures vanquished.

Notes
Turn   | Place    | Note
-------+----------+-------------------------------------------
     0 | D:1      | Wesco the Octopode Venom Mage began the quest for the Orb.
     0 | D:1      | Reached XP level 1. HP: 11/11 MP: 3/3
   166 | D:1      | Reached XP level 2. HP: 18/18 MP: 3/5
   172 | D:1      | Learned a level 2 spell: Poisonous Vapours
   450 | D:1      | Reached skill level 4 in Poison Magic
   636 | D:1      | Reached XP level 3. HP: 22/22 MP: 3/6
   641 | D:1      | Learned a level 3 spell: Mephitic Cloud
  1254 | D:2      | Reached skill level 1 in Fighting
  1753 | D:2      | Reached XP level 4. HP: 28/28 MP: 7/7
  1835 | D:3      | Reached skill level 1 in Polearms
  2553 | D:3      | Reached XP level 5. HP: 33/33 MP: 5/9
  2998 | D:3      | Found a blossoming altar of Fedhas.
  3006 | D:3      | Became a worshipper of Fedhas Madash
  3099 | D:4      | Noticed an ogre
  3111 | D:4      | Demolished by an ogre

Vault maps used:
D:1:      dpeg_arrival_pits
D:3:      fedhas_altar_1
D:4:      uniq_robin, uniq_blork_the_orc

Skill      XL: |  1  2  3  4 |
---------------+-------------+-----
Poison Magic   | 4 |  4.7
Stealth        | 3 |  3.0
Fighting       | 1 |  1.8
Polearms       | 1 |  1.3
Dodging        | |  2.1
Spellcasting   | |  2.8
Conjurations   | |  1.0
Air Magic      | |  0.7

Action                   |  1- 3 |  4- 6 || total
-------------------------+-------+-------++-------
Melee: Unarmed           |     4 |       ||     4
       Tentacles         |     4 |     3 ||     7
       Dagger            |    11 |       ||    11
       Constrict         |     8 |     1 ||     9
       Spear             |     6 |     8 ||    14
Throw: Stone             |     4 |     9 ||    13
       Javelin           |     2 |    10 ||    12
 Cast: Sting             |    25 |    17 ||    42
       Poisonous Vapours |    20 |    17 ||    37
       Mephitic Cloud    |     2 |     1 ||     3
  Use: Scroll            |     5 |     3 ||     8
       Potion            |     2 |     2 ||     4
  Eat: Ration            |     1 |     2 ||     3
       Chunk             |     1 |       ||     1
Armor: Skin              |     2 |     1 ||     3
Dodge: Dodged            |    19 |     7 ||    26

Table legend:
 A = Non-vault XP
 B = Vault XP
 C = Vault XP percentage of total XP
 D = Non-vault monster count
 E = Vault monster count
 F = Vault count percentage of total count
 G = Total turns spent on level
                 A         B        C        D         E       F
            +---------+---------+-------+---------+---------+-------
      Total |     178 |       0 |   0.0 |      60 |       0 |   0.0
            +---------+---------+-------+---------+---------+-------
        D:1 |      45 |       0 |   0.0 |      23 |       0 |   0.0
        D:2 |      39 |       0 |   0.0 |      16 |       0 |   0.0
        D:3 |      94 |       0 |   0.0 |      21 |       0 |   0.0
            +---------+---------+-------+---------+---------+-------
